 Dungeon Crawl Stone Soup version 0.32-a0-411-g744942f433 (webtiles) character file.

Game seed: 2120653025659509498

802 Ceno the Shooter (level 7, -10/51 (55) HPs)
             Began as a Coglin Hunter on Feb 20, 2024.
             Was an Initiate of Gozag.
             Mangled by a wight
             ... wielding a +2 morningstar
              (16 damage)
             ... on level 5 of the Dungeon.
             The game lasted 00:11:07 (5441 turns).

Ceno the Shooter (Coglin Hunter)                    Turns: 5441, Time: 00:11:08

HP:   -10/51 (55)   AC:  5    Str: 18    XL:     7   Next: 91%
MP:   7/7           EV: 12    Int:  8    God:    Gozag
Gold: 505           SH:  0    Dex: 19    Spells: 6/6 levels left

rFire   . . .        a - +1 shortbow {Busisiwe}
rCold   . . .        (shield currently unavailable)
rNeg    . . .        c - +0 leather armour
rPois   .            e - +0 helmet
rElec   .            (no cloak)
rCorr   .            k - +0 pair of gloves
SInv    .            (no boots)
Will    .....        (no amulet)
Stlth   ++           q - ring of wizardry
HPRegen 0.28/turn    u - +6 ring of strength
MPRegen 0.10/turn

%: wizardry (x1)
@: drained, revved
A: off-hand wielding, slow wielding, warmup strikes, legs shutdown
a: Renounce Religion, Potion Petition, Call Merchant, Bribe Branch


You were on level 5 of the Dungeon.
You worshipped Gozag.
Gozag was pleased with you.
You visited 2 branches of the dungeon, and saw 7 of its levels.

You collected 545 gold pieces.
You paid 40 gold pieces to Gozag.

Inventory:

Hand Weapons
 a - a +1 shortbow (weapon) {Busisiwe}
 g - a +0 sling
Missiles
 f - 6 poisoned darts
 n - 3 throwing nets
Armour
 c - a +0 leather armour (worn)
 e - a +0 helmet (worn)
 k - a +0 pair of gloves (worn)
Jewellery
 j - a ring of ice
 p - an amulet of faith
 q - a ring of wizardry (left grasper)
 u - a +6 ring of strength (right grasper)
 z - a ring of flight
Wands
 o - a wand of digging (5)
Scrolls
 b - a scroll of butterflies
 h - a scroll of fog
 m - a scroll of noise {unknown}
 r - a scroll of revelation {unknown}
 x - a scroll of enchant weapon
 y - a scroll of fear {unknown}
 A - a scroll of blinking {unknown}
Potions
 d - a potion of might
 i - a potion of degeneration {unknown}
 l - a potion of ambrosia {unknown}
 s - a potion of enlightenment {unknown}
 t - a potion of curing {unknown}
 v - a potion of mutation
 w - 2 potions of cancellation


   Skills:
 + Level 4.8 Fighting
 * Level 6.9 Ranged Weapons
 - Level 1.7 Dodging
 - Level 3.0 Stealth


You had 6 spell levels left.
You didn't know any spells.
Your spell library contained the following spells:

 Spells                   Type           Power      Damage    Failure   Level
 Ensorcelled Hibernation  Hex/Ice        0%         N/A       30%         2
 Mercury Vapours          Alch/Air       0%         N/A       30%         2
 Frozen Ramparts          Ice            0%         1d1       50%         3
 Mephitic Cloud           Conj/Alch/Air  0%         N/A       50%         3
 Passwall                 Erth           0%         N/A       50%         3
 Swiftness                Air            0%         N/A       50%         3
 Leda's Liquefaction      Alch/Erth      0%         N/A       87%         4
 Petrify                  Alch/Erth      0%         N/A       87%         4
 Freezing Cloud           Conj/Ice/Air   0%         6-21      99%         5
 Metabolic Englaciation   Hex/Ice        0%         N/A       99%         5


Dungeon Overview and Level Annotations

Branches:
Dungeon (6/15)             Temple (1/1) D:4

Altars:
Cheibriados
Fedhas
Gozag
Kikubaaqudgha
Makhleb
Nemelex Xobeh
Okawaru
Ru
Sif Muna
Trog
Vehumet
Wu Jian
Xom
Yredelemnul
Zin

Shops:
D:3 =

Annotations:
D:4 Pikel


Innate Abilities, Weirdness & Mutations

You can wield a second weapon in your off-hand.
It takes a long time for you to wield or remove held weapons.
Your first few attacks do less damage.
Attacking and casting redirects power from your legs.


Message History

There is an open door here.
There is a stone staircase leading down here.
The wight attacks as it pursues you!
The wight hits you with a +2 morningstar!
The wight attacks as it pursues you!
The wight hits you with a +2 morningstar.
There is a stone staircase leading up here.
The wight barely misses you.
You climb upwards.
There is a stone staircase leading down here.
You shoot an arrow. The arrow hits the wight.
The wight is moderately damaged.
The wight completely misses you.
You shoot an arrow. The arrow hits the wight.
The wight is heavily damaged.
The wight hits you with a +2 morningstar!
You are too injured to fight recklessly!
Fire: a) +1 shortbow {Busisiwe}
Press: ? - help, Q - select action, (/) - cycle Shift-Dir - straight line, f/p - wight
Aim: a wight, wielding a +2 morningstar and wearing a +0 robe (heavily damaged, 67% to hit)
You shoot an arrow. The arrow barely misses the wight.
The wight hits you with a +2 morningstar!
* * * LOW HITPOINT WARNING * * *
You feel drained.
* * * LOW HITPOINT WARNING * * *
Fire: a) +1 shortbow {Busisiwe}
Press: ? - help, Q - select action, (/) - cycle Shift-Dir - straight line, f/p - wight
Aim: a wight, wielding a +2 morningstar and wearing a +0 robe (heavily damaged, 67% to hit)
You shoot an arrow. The arrow closely misses the wight.
The wight hits you with a +2 morningstar!
* * * LOW HITPOINT WARNING * * *
You feel drained.
Fire: a) +1 shortbow {Busisiwe}
Press: ? - help, Q - select action, (/) - cycle Shift-Dir - straight line, f/p - wight
Aim: a wight, wielding a +2 morningstar and wearing a +0 robe (heavily damaged, 67% to hit)
You shoot an arrow. The arrow hits the wight.
The wight is severely damaged.
The wight hits you with a +2 morningstar!
You die...
Your body crumbles into a pile of gold.

#.##.#.#########......######....
#.##......##...........# #######
#.####.##.##...........# #....##
##.# #.##.##...........###......
...# #.##.##.............#......
#### #.##................#......
#...................#.#####
#######..#.......z........#.#....
................@...........#....
##########..........#######.'.._.
#................# #.#....
#................# #.#....
#................# #.#####
#................# #......
#........######### ##.####
########## ###..#
##########....##


You could see a wight.

Vanquished Creatures
  A black bear (D:4)
  A phantom (D:3)
  A scorpion (D:5)
  A bombardier beetle (D:4)
  2 hounds
  2 orc priests (D:5)
  2 sleepcaps (D:5)
  2 iguanas
  3 orc wizards
  3 gnolls
  6 adders
  A ribbon worm (D:2)
  2 dart slugs
  10 orcs
  4 bats
  3 endoplasms
  5 giant cockroaches
  5 goblins
  7 hobgoblins
  10 jackals
  6 kobolds
  4 quokkas
  11 ball pythons
  3 frilled lizards
  5 rats
100 creatures vanquished.

Notes
Turn   | Place    | Note
-------+----------+-------------------------------------------
     0 | D:1      | Ceno the Coglin Hunter began the quest for the Orb.
     0 | D:1      | Reached XP level 1. HP: 16/16 MP: 1/1
    93 | D:1      | Reached skill level 1 in Stealth
   340 | D:1      | Reached XP level 2. HP: 22/22 MP: 2/2
   715 | D:1      | Reached skill level 4 in Ranged Weapons
   853 | D:1      | Reached XP level 3. HP: 28/28 MP: 3/3
  1213 | D:2      | Found a faded altar of an unknown god.
  1643 | D:2      | Reached XP level 4. HP: 34/34 MP: 4/4
  2555 | D:3      | Reached XP level 5. HP: 8/41 MP: 5/5
  2724 | D:3      | Found Caudef's Jewellery Boutique.
  2766 | D:3      | Found an opulent altar of Gozag.
  2780 | D:3      | Became a worshipper of Gozag Ym Sagoz the Greedy
  2984 | D:3      | Found a sacrificial altar of Ru.
  2994 | D:3      | Reached skill level 5 in Ranged Weapons
  3373 | D:4      | Noticed a phantom
  3431 | D:4      | Noticed a black bear
  3439 | D:4      | Killed a black bear
  3440 | D:4      | Reached XP level 6. HP: 41/47 MP: 6/6
  3774 | D:4      | Reached XP level 7. HP: 53/53 MP: 7/7
  3826 | D:4      | Noticed Pikel
  4019 | D:4      | Found a staircase to the Ecumenical Temple.
  4028 | Temple   | Entered the Ecumenical Temple
  4050 | D:4      | Reached skill level 6 in Ranged Weapons
  4093 | D:5      | Entered Level 5 of the Dungeon
  5252 | D:5      | Found a sparkling altar of Nemelex Xobeh.
  5441 | D:5      | Mangled by a wight

Illustrated notes

Levels and vault maps discovered:
D:1:      dpeg_arrival_prison, layout_basic, serial_glass, glass_columns_a,
          glass_columns_a
D:2:      layout_basic, shapermc_ecumenical_altar_acropolis
D:3:      layout_basic, lemuel_coloured_pillars_altar,
          nicolae_ru_great_annihilating_truth, serial_shops,
          nicolae_shop_gaudy_bauble
D:4:      layout_rooms, minmay_temple_entry_sparse_star, uniq_pikel,
          uniq_crazy_yiuf_cottage
D:5:      layout_basic, amcnicky_altar_gilded
D:6:      layout_gridville, grunt_qazlal_sundering, minitemple
Temple:   nicolae_temple_slightly_damp_pantheon

Skill      XL: |  1  2  3  4  5  6  7 |
---------------+----------------------+-----
Stealth        | 1 2 3 |  3.0
Ranged Weapons | 4 5 6 |  6.9
Fighting       | 3 4 |  4.8
Dodging        | |  1.7

Action                     |  1- 3 |  4- 6 |  7- 9 || total
---------------------------+-------+-------+-------++-------
   Fire: Shortbow          |    94 |   203 |   129 ||   426
  Throw: Dart              |       |       |     4 ||     4
    Use: Scroll            |       |     1 |     6 ||     7
 Armour: Leather armour    |    18 |    47 |    51 ||   116
  Dodge: Dodged            |    13 |    67 |    33 ||   113

Table legend: (Time is in decaauts)
 A = Elapsed time spent in this place.
 B = Non-inter-level travel time spent in this place.
 C = Inter-level travel time spent in this place.
 D = Time resting spent in this place.
 E = Time spent auto-exploring this place.
 F = Levels seen in this place.
 G = Mean time per level.
                   A        B        C        D        E       F      G
               +--------+--------+--------+--------+--------+-----+--------+
         Total |   5519 |   5210 |    309 |    746 |   3181 |   7 |  788.4 |
       Dungeon |   5517 |   5208 |    309 |    746 |   3181 |   6 |  919.5 |
        Temple |      1 |      1 |      0 |      0 |      0 |   1 |    1.0 |
               +--------+--------+--------+--------+--------+-----+--------+

Top non-repeatable levels by time:
     D:5: 1336 daAuts
     D:3: 1324 daAuts
     D:2: 1147 daAuts
     D:1: 1089 daAuts
     D:4: 596 daAuts
     D:6: 23 daAuts
  Temple: 1 daAuts
